 Dungeon Crawl Stone Soup version 0.18-a0-867-gfd1cc8f (webtiles) character file.

7684 M4edhros the Covert (level 11, -5/70 HPs)
             Began as an Octopode Artificer on Dec 21, 2015.
             Was a Believer of Fedhas.
             Killed from afar by a guardian serpent (16 damage)
             ... with a bolt of poison
             ... on level 11 of the Dungeon.
             The game lasted 00:31:29 (13358 turns).

M4edhros the Covert (Octopode Artificer)           Turns: 13358, Time: 00:31:29

Health: -5/70      AC:  1    Str: 10    XL:     11   Next: 19%
Magic:  16/16      EV: 14    Int: 22    God:    Fedhas [**....]
Gold:   385        SH:  8    Dex: 11    Spells: 1 memorised, 15 levels left

rFire  . . .     SeeInvis +     k - +2 short sword (speed)
rCold  + . .     Gourm    +     w - +0 shield
rNeg   . . .     Faith    .     (helmet restricted)
rPois  .         Spirit   .     s - amulet of the gourmand
rElec  .         Dismiss  .     v - +1 ring of evasion
rCorr  .         Reflect  .     o - +4 ring of intelligence
SustAt .         Harm     .     j - ring of wizardry
MR     .....                    I - ring of see invisible
Stlth  ++++++....               (no ring)
                                (no ring)
                                (no ring)
                                (no ring)

@: lethally poisoned (-5 -> -10), drained, not resistant to hostile
enchantments, very stealthy
A: almost no armour, amphibious, 8 rings, constrict 8, camouflage 1, blink,
blurry vision 1, clumsy 1, cold resistance 1, gelatinous body 1
a: Blink, Evolution, Sunlight, Renounce Religion


You were on level 11 of the Dungeon.
You worshipped Fedhas.
Fedhas was pleased with you.
You were not hungry.

You visited 2 branches of the dungeon, and saw 12 of its levels.
You visited the Abyss 1 time.
You visited 1 bazaar.
You also visited: Sewer and Ossuary.

You collected 629 gold pieces.
You spent 244 gold pieces at shops.

Inventory:

Hand Weapons
 b - a +0 blowgun
 k - a +2 short sword of speed (weapon)
 q - a +1 morningstar of protection
 K - a +0 hunting sling
 P - a +2 trident
Missiles
 e - 413 stones (quivered)
 g - 26 poisoned needles
 h - 15 sling bullets of frost
 L - 13 sling bullets
Armour
 w - a +0 shield (worn)
Jewellery
 j - a ring of wizardry (on tentacle)
 o - a +4 ring of intelligence (right tentacle)
 s - an amulet of the gourmand (around mantle)
 v - a +1 ring of evasion (left tentacle)
 B - an uncursed amulet of resist corrosion {unknown}
 I - a ring of see invisible (on tentacle)
 R - an uncursed ring of ice
Wands
 c - a wand of enslavement (0/24)
 d - a wand of random effects (0/48)
 i - a wand of teleportation (6/9)
 l - a wand of disintegration (13/24)
 D - a wand of enslavement (11/24)
 F - a wand of paralysis (2/24)
Scrolls
 a - 4 scrolls of identify
 n - 8 scrolls of remove curse
 u - 2 scrolls of fear
 y - 3 scrolls of teleportation
 z - 2 scrolls of blinking {unknown}
 A - a scroll of brand weapon {unknown}
 G - 2 scrolls of summoning
 H - 3 scrolls of amnesia
 M - 5 scrolls of enchant weapon
 Q - 3 scrolls of fog
Potions
 m - 3 potions of brilliance
 t - 4 potions of curing
 x - 3 potions of flight
Books
 C - a book of Geomancy

   Spells                             Type                      Level
   a - Sandblast                      Earth                        1
   b - Stoneskin                      Transmutation/Earth          2
   c - Passwall                       Transmutation/Earth          3
   d - Stone Arrow                    Conjuration/Earth            3
   e - Petrify                        Transmutation/Earth          4
   f - Lee's Rapid Deconstruction     Earth                        5
 E - a book of Party Tricks

   Spells                             Type                      Level
   a - Summon Butterflies             Summoning                    1
   b - Apportation                    Translocation                1
   c - Tukima's Dance                 Hexes                        3
   d - Alistair's Intoxication        Transmutation/Poison         4
   e - Invisibility                   Hexes                        6
 O - a Grand Grimoire

   Spells                             Type                      Level
   a - Monstrous Menagerie            Summoning                    6
   b - Summon Greater Demon           Summoning                    7
   c - Malign Gateway                 Summoning/Translocation      7
   d - Summon Horrible Things         Summoning                    8
Comestibles
 f - 3 beef jerkies
 p - a slice of pizza
 r - 9 fruits
 J - a bread ration


   Skills:
 + Level 4.8(4.5) Fighting
 - Level 1.0(0.6) Short Blades
 + Level 6.3(5.9) Slings
 + Level 8.8(8.3) Dodging
 + Level 11.3(10.8) Stealth
 + Level 4.2(3.8) Shields
 + Level 3.8(3.5) Spellcasting
 * Level 0.4(0.0) Transmutations
 * Level 0.6(0.2) Earth Magic
 * Level 3.7(3.3) Invocations
 + Level 7.0(6.6) Evocations


You had 15 spell levels left.
You knew the following spells:

 Your Spells              Type           Power        Failure   Level  Hunger
a - Stoneskin             Trmt/Erth      #.......     38%         2    ##.....


Dungeon Overview and Level Annotations

Branches:
Dungeon (11/15)            Temple (1/1) D:5            Lair (0/8) D:8
    Orc (0/2) D:11

Altars:
Ashenzari
Cheibriados
Dithmenos
Elyvilon
Fedhas
Gozag
Kikubaaqudgha
Makhleb
Nemelex Xobeh
Okawaru
Pakellas
Qazlal
Ru
Sif Muna
Trog
Vehumet
Xom
Yredelemnul
Zin
The Shining One
Lugonu

Shops:
D:4 =   D:7 (

Annotations:
D:5 Grinder


Innate Abilities, Weirdness & Mutations

You cannot wear most types of armour.
You are amphibious.
You can wear up to eight rings at the same time.
You can use your tentacles to constrict eight enemies at once.
Your skin changes colour to match your surroundings (Stealth).
Your rubbery body absorbs attacks (AC +1).
You can translocate small distances at will.
Scrolls take you a little longer to read.
You are clumsy. (Dex -2)
Your flesh is cold resistant.


Message History

The bolt of poison hits you!
You are poisoned.
* * * LOW HITPOINT WARNING * * *
Drink which item? (? for menu, Esc to quit)
You feel better.
The guardian serpent casts a spell at you.
The bolt of poison hits you!
You are poisoned.
* * * LOW HITPOINT WARNING * * *
Drink which item? (? for menu, Esc to quit)
You feel better.
The guardian serpent coils itself and waves its upper body at you.
The bolt of poison misses you.
Read which item? (? for menu, Esc to quit)
Really read with blurry vision while enemies are nearby?
The guardian serpent coils itself and waves its upper body at you.
The bolt of poison hits you!
You are poisoned.
You die...
Fedhas appreciates your contribution to the ecosystem.

.###.################# ##*
.##..# ###..ffff....f### #.##
.##..###...#########..f###..#
.##..##..### ###f.##?.#
.....##.## #####..#
..f#.##.## ##.# .....##.f####
#..# ....####..[.###### #.##
...## ####f.##.@#########.#
#### ##.##...S........#
###### ###..###..........##
'..f.####f..###...........#
####..ffff### #######<....# #
######## #######.....# ####
###### #..).....####
...#####...[###........#
........)[.)...........#


You could see a guardian serpent.

Vanquished Creatures
  Pikel (D:8)
  A hill giant (D:10)
  A cyclops (D:11)
  A deep elf mage (D:11)
  Psyche (D:8)
  A komodo dragon (D:11)
  A wandering mushroom (D:10)
  A two-headed ogre (D:6)
  2 wyverns (D:10)
  Edmund (D:5)
  A water moccasin (D:11)
  3 ice beasts
  2 slaves (D:8)
  3 ogres
  3 centaurs
  An orc warrior (D:8)
  2 phantoms
  An elf zombie (Ossuary)
  6 giant frogs
  3 big kobolds
  Blork the orc (D:6)
  5 killer bees
  3 scorpions
  11 wights
  A crimson imp (D:7)
  2 jellies
  3 orc priests
  2 centaur skeletons
  3 centaur zombies (Ossuary)
  5 hounds
  8 orc wizards
  Crazy Yiuf (D:2)
  2 giant frog skeletons
  Ijyb (D:3)
  Terence (D:2)
  2 iguanas
  8 worker ants
  2 hound skeletons
  5 mummies (Ossuary)
  A gnoll (D:11)
  2 river rats (D:8)
  3 shadow imps
  14 adders
  2 oozes
  3 adder skeletons
  6 adder zombies (Ossuary)
  5 giant geckos
  32 orcs
  2 ball pythons
  2 giant cockroaches (D:1)
  12 goblins
  6 hobgoblins (D:2)
  2 jackals (Sewer)
  2 quokkas
  11 bats
  A giant gecko skeleton (D:7)
  8 giant newts
  2 gnoll zombies (Ossuary)
  2 goblin zombies (Ossuary)
  4 hobgoblin zombies (Ossuary)
  19 kobolds
  8 kobold zombies (Ossuary)
  A quokka skeleton (D:7)
  2 quokka zombies (Ossuary)
  17 rats
  A rat zombie (Ossuary)
  A toadstool (D:11)
273 creatures vanquished.

Vanquished Creatures (collateral kills)
  An ugly thing (D:11)
  A guardian serpent (D:11)
  The ghost of M4edhros the Sneak, a novice OpAr (D:6)
  A hippogriff (D:11)
  2 ice beasts
  A sky beast (D:10)
  2 slaves (D:8)
  3 orc warriors
  A crocodile (D:8)
  2 giant frogs
  An iguana (D:7)
  2 gnoll sergeants
  2 scorpions
  2 wights (D:11)
  3 killer bees (D:11)
  A jelly (D:8)
  2 orc priests
  5 orc wizards
  An ogre zombie (Ossuary)
  A mummy (Ossuary)
  9 gnolls
  An adder (D:5)
  An ooze (D:3)
  A worm (D:3)
  6 orcs
  4 bats (D:8)
  3 rats (D:8)
60 creatures vanquished.

Vanquished Creatures (others)
  An ugly thing (D:5)
  18 wandering mushrooms
  An ogre (D:5)
  A centaur (D:7)
  A killer bee (D:11)
  A giant frog zombie (D:5)
  A mummy (Ossuary)
  A worker ant zombie (D:7)
  2 orcs (D:11)
  A fungus (D:8)
  A plant (D:8)
  183 toadstools
212 creatures vanquished.

Grand Total: 545 creatures vanquished

Notes
Turn   | Place    | Note
--------------------------------------------------------------
     0 | D:1      | M4edhros the Octopode Artificer began the quest for the Orb.
     0 | D:1      | Reached XP level 1. HP: 13/13 MP: 3/3
   134 | D:1      | Reached XP level 2. HP: 18/18 MP: 4/4
   175 | D:2      | Noticed Crazy Yiuf
   176 | D:2      | Killed Crazy Yiuf
   176 | D:2      | Reached XP level 3. HP: 23/23 MP: 5/5
   309 | D:3      | Found a shadowy altar of Dithmenos.
   393 | D:3      | Noticed Ijyb
   743 | D:3      | Found a white marble altar of Elyvilon.
  1122 | D:3      | Reached XP level 4. HP: 25/28 MP: 6/6
  1373 | D:4      | Noticed a centaur
  1426 | D:4      | Reached skill level 4 in Stealth
  1515 | D:4      | Noticed an ogre
  1519 | D:4      | Killed an ogre
  1519 | D:4      | Reached XP level 5. HP: 33/33 MP: 6/8
  1524 | D:4      | Reached skill level 5 in Stealth
  1528 | D:4      | Reached XP level 6. HP: 38/38 MP: 7/9
  1897 | D:4      | Found Semom's Jewellery Boutique.
  2005 | D:5      | Entered Level 5 of the Dungeon
  2148 | D:5      | Found an oddly glowing altar of Pakellas.
  2149 | D:5      | Noticed a green ugly thing
  2179 | D:5      | Killed a cyan ugly thing
  2272 | D:5      | Noticed Grinder
  2382 | D:5      | Found a sand-covered staircase.
  2388 | Ossuary  | Entered an ossuary
  2618 | Ossuary  | Reached skill level 6 in Stealth
  2894 | Ossuary  | Reached skill level 5 in Dodging
  2894 | Ossuary  | Reached XP level 7. HP: 27/43 MP: 10/10
  3811 | D:5      | Reached skill level 7 in Stealth
  3811 | D:5      | Reached skill level 1 in Spellcasting
  3840 | D:5      | Reached skill level 1 in Shields
  3951 | D:5      | Noticed Edmund
  3987 | D:5      | Killed Edmund
  3987 | D:5      | Reached skill level 5 in Evocations
  3987 | D:5      | Reached XP level 8. HP: 41/48 MP: 11/11
  4219 | D:5      | Found a staircase to the Ecumenical Temple.
  4256 | Temple   | Entered the Ecumenical Temple
  4275 | Temple   | Became a worshipper of Xom of Chaos
  4290 | Temple   | Fell from the grace of Xom
  4290 | Temple   | Became a worshipper of Fedhas Madash
  4339 | D:3      | Found a snail-covered altar of Cheibriados.
  4339 | D:3      | Found an iron altar of Okawaru.
  4982 | D:1      | Reached * piety under Fedhas
  5071 | D:2      | Found an opulent altar of Gozag.
  5147 | D:2      | XOM: give mutations
  5147 | D:2      | Gained mutation: You are clumsy. (Dex -2) [Xom's mischief]
  5147 | D:2      | Gained mutation: You expend magic power (3 MP) to strengthen your wands. [Xom's mischief]
  5168 | D:2      | Lost mutation: You are clumsy. (Dex -2) [potion of cure mutation]
  5168 | D:2      | Lost mutation: You expend magic power (3 MP) to strengthen your wands. [potion of cure mutation]
  5231 | D:2      | Noticed Terence
  5235 | D:2      | Killed Terence
  5642 | D:2      | Found a radiant altar of Vehumet.
  5871 | D:3      | Killed Ijyb
  6016 | D:3      | Found a deep blue altar of Sif Muna.
  6189 | D:4      | Reached skill level 1 in Slings
  6391 | D:6      | Noticed M4edhros's ghost (novice OpAr)
  6396 | D:6      | Killed M4edhros's ghost
  6396 | D:6      | Reached skill level 8 in Stealth
  6551 | D:6      | Reached ** piety under Fedhas
  6574 | D:6      | XOM: 3-stop teleportation journey
  6623 | D:6      | Found a glowing drain.
  6686 | Sewer    | Entered a sewer
  6884 | Sewer    | XOM: medium Trmt miscast
  6911 | Sewer    | Found a white marble altar of Elyvilon.
  7025 | D:6      | Noticed a two-headed ogre
  7025 | D:6      | an ice beast changed into a two-headed ogre
  7030 | D:6      | Killed a two-headed ogre
  7030 | D:6      | Reached XP level 9. HP: 33/56 MP: 13/13
  7332 | D:6      | Found a stormy altar of Qazlal.
  7376 | D:6      | XOM: medium Summ miscast
  7380 | D:6      | Noticed Blork the orc
  7397 | D:6      | Killed Blork the orc
  7596 | D:6      | Found a burning altar of Makhleb.
  7631 | D:6      | Found a glowing silver altar of Zin.
  7631 | D:6      | Noticed an angel
  7632 | D:6      | Noticed a cacodemon
  7853 | D:7      | Found a radiant altar of Vehumet.
  7857 | D:7      | Reached skill level 9 in Stealth
  8103 | D:6      | XOM: mild Conj miscast
  8211 | D:7      | Gained mutation: You are clumsy. (Dex -2) [potion of mutation]
  8211 | D:7      | Gained mutation: Potions and wands are less effective at restoring your health. [potion of mutation]
  8211 | D:7      | Gained mutation: Your flesh is cold resistant. [potion of mutation]
  8335 | D:7      | XOM: summons 5 hostile demons
  8635 | D:7      | XOM: noise
  8721 | D:7      | XOM: give mutation
  8721 | D:7      | Lost mutation: Potions and wands are less effective at restoring your health. [Xom's mischief]
  8773 | D:7      | Found Noofei's Weapon Boutique.
  8942 | D:7      | Found a sparkling altar of Nemelex Xobeh.
  9051 | D:8      | Noticed Pikel
  9344 | D:8      | Noticed Psyche
  9353 | D:8      | Killed Psyche
  9452 | D:8      | Reached XP level 10. HP: 30/63 MP: 14/14
  9514 | D:8      | XOM: medium Hex miscast
  9662 | D:8      | XOM: medium Tloc miscast
  9663 | D:8      | Cast into level 3 of the Abyss (the capriciousness of Xom)
  9707 | Abyss:3  | Noticed a starcursed mass
  9708 | Abyss:3  | Noticed a wretched star
  9740 | Abyss:3  | Noticed a worldbinder
  9746 | Abyss:3  | Noticed an elephant
  9754 | Abyss:3  | Noticed an elephant
  9757 | Abyss:3  | Noticed a large abomination
  9760 | Abyss:3  | Noticed a spatial maelstrom
  9763 | Abyss:3  | Noticed an elephant
  9799 | Abyss:3  | XOM: divination: magic mapping
  9801 | Abyss:3  | Noticed a wretched star
  9831 | Abyss:3  | Noticed a wretched star
  9835 | D:8      | Escaped the Abyss
  9905 | D:8      | Killed Pikel
  9905 | D:8      | Reached skill level 10 in Stealth
  9965 | D:8      | Found a staircase to the Lair.
 10111 | D:8      | XOM: noise
 10390 | D:9      | Reached skill level 5 in Slings
 10667 | D:9      | Found an ancient bone altar of Kikubaaqudgha.
 10823 | D:9      | Reached skill level 1 in Invocations
 11124 | D:10     | Entered Level 10 of the Dungeon
 11198 | D:10     | Noticed a hill giant
 11219 | D:10     | Killed a hill giant
 11528 | D:10     | Reached *** piety under Fedhas
 12444 | D:11     | Noticed a deep elf mage
 12450 | D:11     | Noticed a cyclops
 12468 | D:11     | Killed a cyclops
 12468 | D:11     | Reached skill level 11 in Stealth
 12482 | D:11     | Reached XP level 11. HP: 40/70 MP: 16/16
 12545 | D:11     | Gained mutation: Scrolls take you a little longer to read. [mutagenic meat]
 12593 | D:11     | XOM: mild Trmt miscast
 12845 | D:11     | Gained mutation: You can translocate small distances at will. [mutagenic meat]
 12881 | D:11     | Found a flickering gateway to a bazaar.
 12890 | Bazaar   | Entered a bazaar
 12904 | Bazaar   | Found Ifayrruh's Antique Armour Emporium.
 12904 | Bazaar   | Found Zaraus's General Store.
 12942 | Bazaar   | Found Iplaeb's Food Emporium.
 12942 | Bazaar   | Found Dukeesy's Magic Scroll Shoppe.
 12965 | Bazaar   | Found Qaaduu's Food Shoppe.
 13001 | Bazaar   | Bought 4 fruits for 54 gold pieces
 13018 | Bazaar   | XOM: medium Conj miscast
 13021 | Bazaar   | Bought a scroll of summoning for 66 gold pieces
 13021 | Bazaar   | Bought a scroll of enchant weapon for 52 gold pieces
 13027 | Bazaar   | Bought 4 fruits for 72 gold pieces
 13177 | D:11     | Learned a level 2 spell: Stoneskin
 13238 | D:11     | XOM: noise
 13355 | D:11     | HP: 2/70 [guardian serpent/bolt of poison (13)]
 13358 | D:11     | Killed from afar by a guardian serpent

Vault maps used:
D:1:      dpeg_arrival_simpleton_c, serial_bayou_ford_a
D:2:      old_standard_altar, vehumet_crystals, minmay_misc_feat_columns,
          uniq_terence, uniq_crazy_yiuf_cottage
D:3:      elyvilon_altar_3, overflow_temple_1_default,
          nicolae_overflow_hidden_temple, grunt_ministairs_9, tgw_sif, uniq_iyjb
D:4:      serial_shops, kennysheep_mini
D:5:      gammafunk_pakellas_cloud_experiment,
          minmay_temple_entry_statues_fountains, nicolae_ossuary_entry_plus,
          first_bread, lemuel_flame_loot_1, uniq_grinder, uniq_edmund
D:6:      grunt_temple_overflow_order_and_chaos_2,
          nicolae_qazlal_eye_of_the_storm, portal_sewer_entry_d,
          uniq_blork_the_orc
D:7:      nicolae_overflow_crystal_walls, serial_shops, shop_statue, basic_altar
D:8:      grunt_lair_entry_orc_guard_hut, uniq_psyche, uniq_pikel
D:9:      kiku_gazebo_pond_becter
D:11:     nrook_guardian_serpent_snake_passage, serial_shops, bzr_entry_islet,
          grunt_pizzeria, eino_small_chamber_without_monster
Temple:   corrupted_temple
Abyss:3:  minivault_23
Bazaar:   bazaar_long_row
Sewer:    sewer_kobolds
Ossuary:  ossuary_boxes_badplayer

Action                   |  1- 3 |  4- 6 |  7- 9 | 10-12 || total
-------------------------+-------+-------+-------+-------++-------
Melee: Short sword       |    13 |       |   134 |   267 ||   414
       Quarterstaff      |    20 |    72 |   246 |       ||   338
       Trident           |       |       |       |    40 ||    40
 Fire: Blowgun           |       |       |       |     1 ||     1
Invok: Evolution         |       |       |    12 |    11 ||    23
       Sunlight          |       |       |       |     1 ||     1
 Abil: Blink             |       |       |       |     1 ||     1
Evoke: Wand              |     4 |    10 |    31 |    16 ||    61
  Use: Scroll            |       |     4 |    12 |     6 ||    22
       Potion            |       |       |    15 |    11 ||    26
 Stab: Sleeping          |     6 |    13 |    43 |    17 ||    79
       Petrifying        |     1 |       |     1 |       ||     2
       Paralysed         |       |     1 |    13 |     2 ||    16
       Distracted        |       |       |     1 |     2 ||     3
       Confused          |       |       |     1 |     1 ||     2
       Invisible         |       |       |       |     5 ||     5
  Eat: Chunk             |       |     2 |       |     2 ||     4
       Meat ration       |       |     1 |     2 |       ||     3
       Bread ration      |       |       |     2 |     3 ||     5
       Royal jelly       |       |       |     1 |       ||     1
       Pizza             |       |       |       |     1 ||     1
